 Dungeon Crawl Stone Soup version 0.23.0 (webtiles) character file.

Game seed: 5209440830419437907

1444 Lanoc the Slasher (level 8, -6/62 HPs)
             Began as a Demonspawn Monk on Feb 11, 2019.
             Was an Elder of Nemelex Xobeh.
             Killed by a card of wild magic (38 damage)
             ... on level 6 of the Dungeon.
             The game lasted 00:13:39 (5883 turns).

Lanoc the Slasher (Demonspawn Monk)                 Turns: 5883, Time: 00:13:39

Health: -6/62      AC: 17    Str: 15    XL:     8   Next: 46%
Magic:  11/11      EV: 10    Int: 11    God:    Nemelex Xobeh [****..]
Gold:   357        SH:  0    Dex: 15    Spells: 7/7 levels left

rFire    . . .     SeeInvis +   a - +1 falchion
rCold    . . .     Gourm    .   (no shield)
rNeg     . . .     Faith    +   f - +6 plate armour {ponderous}
rPois    .         Spirit   .   (helmet unavailable)
rElec    .         Reflect  .   b - scarf {cloud immunity}
rCorr    .         Harm     .   (no gloves)
MR       .....                  (no boots)
Stlth    ..........             k - amulet of faith
HPRegen  0.20/turn              (no ring)
MPRegen  0.12/turn              (no ring)

@: repel missiles, slow
A: antennae 3, repulsion field 3, rot immunity
a: Draw Escape, Draw Destruction, Draw Summoning, Triple Draw, Deal Four,
Renounce Religion


You were on level 6 of the Dungeon.
You worshipped Nemelex Xobeh.
Nemelex Xobeh was greatly pleased with you.
You were hungry.

You visited 1 branch of the dungeon, and saw 6 of its levels.

You collected 357 gold pieces.

Inventory:

Hand Weapons
 a - a +1 falchion (weapon)
Armour
 b - a scarf of cloud immunity (worn)
 f - a +6 plate armour of ponderousness (worn)
Jewellery
 k - an amulet of faith (around neck)
 t - an uncursed amulet of the gourmand {unknown}
Wands
 h - a wand of scattershot (4)
 l - a wand of random effects (60)
Scrolls
 d - 3 scrolls of fog
 e - 2 scrolls of teleportation
 i - 2 scrolls of immolation
 m - 3 scrolls of remove curse
 n - a scroll of identify
 p - a scroll of enchant armour
 q - a scroll of magic mapping
 s - a scroll of summoning {unknown}
Potions
 g - 2 potions of cancellation
 j - 2 potions of lignification
 o - 2 potions of curing
 r - a potion of haste
Comestibles
 c - 12 rations


   Skills:
 + Level 5.3 Fighting
 * Level 6.2 Long Blades
 + Level 3.8 Armour
 + Level 4.7 Dodging
 - Level 1.7 Stealth
 + Level 4.6 Invocations


You had 7 spell levels left.
You didn't know any spells.
Your spell library contained the following spells:

 Spells                   Type           Power        Failure   Level  Hunger
 Animate Skeleton         Necr           N/A          100%        1    ##.....
 Apportation              Tloc           #.....       100%        1    ##.....
 Confusing Touch          Hex            #.....       100%        1    ##.....
 Summon Small Mammal      Summ           #...         100%        1    ##.....


Dungeon Overview and Level Annotations

Branches:
Dungeon (6/15)
 Temple: D:4-7

Altars:
Cheibriados
Dithmenos
Kikubaaqudgha
Nemelex Xobeh
Okawaru
Qazlal
Ru
Sif Muna
Trog
Uskayaw
Vehumet
The Shining One


Innate Abilities, Weirdness & Mutations

You have a pair of large antennae on your head. (SInv)
You are surrounded by a strong repulsion field. (EV +4, RMsl)
You are immune to rotting.


Message History

The orc is drained!
You kill the orc!
An orc priest comes into view.
The orc priest mumbles some strange prayers to Beogh against you.
Beogh smites you!
The orc warrior hits you with a +0 scimitar of protection!
You hit the orc warrior but do no damage.
The orc warrior is severely wounded.
A crimson imp comes into view.
The orc warrior hits you with a +0 scimitar of protection!
You draw a card...
You have drawn Wild Magic.
There is a sudden explosion of magical energy!
The explosion engulfs the orc warrior!
The orc warrior dies!
The explosion engulfs the orc priest!!
The orc priest dies!
The explosion engulfs you!!!
Ouch! That really hurt!
You die...
Your body disappears without a glow.

#. ##.## #. #...# #<
#...# #. #...# #####
#...# #....
######...###.###
#..#####.............##
#..)†)@................
#..5####.............#.
#. ######...###.##.
#...# #.... #...# #####
#...# #...# ##.## #.


You could see a crimson imp.

Vanquished Creatures
  A phantom (D:6)
  A sky beast (D:5)
  A centaur (D:5)
  An ogre (D:5)
  A necrophage (D:5)
  A crimson imp (D:5)
  2 bullfrog zombies
  4 hounds
  A jelly (D:3)
  2 orc wizards
  Natasha (thrice) (D:3)
  Terence (D:3)
  A worker ant (D:6)
  Ijyb (D:3)
  A hound skeleton (D:4)
  A hound zombie (D:5)
  Robin (D:3)
  11 adders
  A shadow imp (D:6)
  2 oozes
  An adder skeleton (D:5)
  2 worms
  A dart slug (D:1)
  16 orcs
  6 giant cockroaches
  14 goblins
  4 hobgoblins
  3 jackals (D:1)
  A quokka (D:3)
  A ball python (D:1)
  10 bats
  6 frilled lizards
  7 kobolds
  A quokka skeleton (D:4)
  22 rats
133 creatures vanquished.

Vanquished Creatures (collateral kills)
  An ice beast (D:6)
1 creature vanquished.

Vanquished Creatures (others)
  A wizard (D:5)
  An orc warrior (D:6)
  A scorpion (D:6)
  A howler monkey (D:6)
  An orc priest (D:6)
  A hound (D:6)
6 creatures vanquished.

Grand Total: 140 creatures vanquished

Notes
Turn   | Place    | Note
-------+----------+-------------------------------------------
     0 | D:1      | Lanoc the Demonspawn Monk began the quest for the Orb.
     0 | D:1      | Reached XP level 1. HP: 18/18 MP: 1/1
   104 | D:1      | Gained mutation: You have a pair of small antennae on your
                  | head. [demonic ancestry]
   104 | D:1      | Reached XP level 2. HP: 20/24 MP: 2/2
   405 | D:1      | Reached skill level 1 in Armour
   586 | D:1      | Gained mutation: You are immune to rotting. [demonic
                  | ancestry]
   586 | D:1      | Reached XP level 3. HP: 22/29 MP: 3/3
   591 | D:1      | Reached skill level 3 in Long Blades
   788 | D:1      | Found a glowing golden altar of the Shining One.
   971 | D:2      | Found a sacrificial altar of Ru.
   971 | D:2      | Found an iron altar of Okawaru.
   971 | D:2      | Found a deep blue altar of Sif Muna.
  1295 | D:2      | Gained mutation: You are surrounded by a mild repulsion
                  | field. (EV +2) [demonic ancestry]
  1295 | D:2      | Reached XP level 4. HP: 7/35 MP: 4/4
  1544 | D:2      | Found a snail-covered altar of Cheibriados.
  1589 | D:2      | Found a sparkling altar of Nemelex Xobeh.
  1625 | D:2      | Became a worshipper of Nemelex Xobeh the Trickster
  1625 | D:2      | Received a gift from Nemelex Xobeh
  1625 | D:2      | Reached * piety under Nemelex Xobeh
  1625 | D:2      | Received a gift from Nemelex Xobeh
  1625 | D:2      | Reached ** piety under Nemelex Xobeh
  1700 | D:2      | Found a stormy altar of Qazlal.
  2312 | D:3      | Noticed Natasha
  2322 | D:3      | Killed Natasha
  2322 | D:3      | Gained mutation: You are surrounded by a moderate repulsion
                  | field. (EV +3) [demonic ancestry]
  2322 | D:3      | Reached XP level 5. HP: 42/42 MP: 5/5
  2364 | D:3      | Noticed Natasha
  2385 | D:3      | Killed Natasha
  2385 | D:3      | Reached skill level 1 in Invocations
  2619 | D:3      | Noticed Natasha
  2631 | D:3      | Killed Natasha
  2631 | D:3      | Reached skill level 4 in Long Blades
  2765 | D:3      | Found a hide-covered altar of Uskayaw.
  2778 | D:3      | Noticed a +0 dagger
  2778 | D:3      | Noticed a +0 dagger
  2830 | D:3      | Found a shadowy altar of Dithmenos.
  2922 | D:3      | Noticed Robin
  2934 | D:3      | Noticed Ijyb
  2943 | D:3      | Killed Robin
  2982 | D:3      | Killed Ijyb
  2982 | D:3      | Gained mutation: You have a pair of antennae on your head.
                  | [demonic ancestry]
  2982 | D:3      | Reached XP level 6. HP: 33/48 MP: 7/7
  3249 | D:3      | Noticed Terence
  3265 | D:3      | Killed Terence
  3469 | D:3      | Found a runed translucent door.
  3470 | D:3      | Noticed Crazy Yiuf
  3474 | D:3      | Noticed Crazy Yiuf
  3474 | D:3      | Crazy Yiuf changed into Crazy Yiuf the jelly
  3476 | D:3      | Killed Crazy Yiuf the jelly
  3583 | D:4      | Reached *** piety under Nemelex Xobeh
  4022 | D:4      | Received a gift from Nemelex Xobeh
  4477 | D:5      | Entered Level 5 of the Dungeon
  4515 | D:5      | Gained mutation: You are surrounded by a strong repulsion
                  | field. (EV +4, RMsl) [demonic ancestry]
  4515 | D:5      | Reached XP level 7. HP: 55/55 MP: 8/8
  4613 | D:5      | Reached skill level 5 in Long Blades
  5030 | D:5      | Reached **** piety under Nemelex Xobeh
  5038 | D:5      | Found a bloodstained altar of Trog.
  5048 | D:5      | Noticed a wizard
  5053 | D:5      | Killed a wizard
  5095 | D:5      | Found a radiant altar of Vehumet.
  5317 | D:6      | Received a gift from Nemelex Xobeh
  5378 | D:6      | Gained mutation: You have a pair of large antennae on your
                  | head. (SInv) [demonic ancestry]
  5378 | D:6      | Reached XP level 8. HP: 31/61 MP: 10/10
  5438 | D:6      | Reached skill level 5 in Fighting
  5783 | D:6      | Reached skill level 6 in Long Blades
  5853 | D:6      | Found an ancient bone altar of Kikubaaqudgha.
  5883 | D:6      | Killed by a card of wild magic

Skill      XL: |  1  2  3  4  5  6  7  8 |
---------------+-------------------------+-----
Dodging        | 3 4 |  4.7
Armour         | 1 2 3 |  3.8
Long Blades    | 3 4 5 6 |  6.2
Invocations    | 1 2 3 4 |  4.6
Fighting       | 4 5 |  5.3
Stealth        | |  1.7

Action                   |  1- 3 |  4- 6 |  7- 9 || total
-------------------------+-------+-------+-------++-------
Melee: Falchion          |   194 |   334 |   260 ||   788
 Abil: Draw Destruction  |       |     1 |     7 ||     8
  Use: Scroll            |       |     8 |       ||     8
       Potion            |       |     5 |       ||     5
  Eat: Chunk             |     1 |    13 |     4 ||    18
Armor: Plate armour      |   272 |   262 |   156 ||   690
       Robe              |     5 |       |       ||     5
       Skin              |       |    48 |       ||    48
Dodge: Dodged            |    49 |   156 |   108 ||   313
       Deflected         |       |       |     2 ||     2
       Rpst.: Falchion   |    12 |    48 |    34 ||    94
